 Dungeon Crawl Stone Soup version 0.21.0 (webtiles) character file.

24057 Jerry the Cleaver (level 13, -9/106 HPs)
             Began as a Formicid Fighter on Jan 8, 2018.
             Was an Elder of Wu Jian.
             Mangled by a death yak (19 damage)
             ... on level 3 of the Lair of Beasts.
             The game lasted 01:04:53 (16185 turns).

Jerry the Cleaver (Formicid Fighter)               Turns: 16185, Time: 01:04:53

Health: -9/106     AC: 21    Str: 26    XL:     13   Next: 39%
Magic:  13/13      EV: 10    Int:  8    God:    Wu Jian [****..]
Gold:   882        SH: 13    Dex: 10    Spells: 11/12 levels left

rFire    + . .     SeeInvis +   D - +3 war axe
rCold    + . .     Gourm    .   c - +0 shield
rNeg     . . .     Faith    .   B - +10 ring mail "Igedyrghi" {*Corrode rF+ SInv}
rPois    .         Spirit   .   (helmet unavailable)
rElec    .         Reflect  .   C - +1 cloak {+Inv}
rCorr    .         Harm     .   H - +0 pair of gloves
MR       +....                  (no boots)
Stlth    ..........             K - amulet of regeneration
HPRegen  0.67/turn              F - ring of wizardry
MPRegen  0.13/turn              r - ring of protection from cold

@: no status effects
A: permanent stasis, dig shafts and tunnels, four strong arms, antennae 3
a: Dig, Shaft Self, Wall Jump, Serpent's Lash, Renounce Religion, Evoke
Invisibility


You were on level 3 of the Lair of Beasts.
You worshipped Wu Jian.
Wu Jian was greatly pleased with you.
You were not hungry.

You visited 3 branches of the dungeon, and saw 15 of its levels.
You also visited: Bailey.

You collected 1302 gold pieces.
You spent 420 gold pieces at shops.

Inventory:

Hand Weapons
 e - a +0 battleaxe
 o - a +1 hand axe of flaming
 A - a +2 hand axe of electrocution
 D - a +3 war axe (weapon)
Missiles
 v - 2 exploding tomahawks (quivered)
 z - 45 tomahawks of returning
Armour
 b - a +1 scale mail
 c - a +0 shield (worn)
 y - a +0 chain mail
 B - the +10 ring mail "Igedyrghi" (worn) {*Corrode rF+ SInv}
   (You found it on level 3 of the Lair of Beasts)

   It protects you from fire.
   It lets you see invisible.
   It may corrode you when you take damage.
 C - a +1 cloak of invisibility (worn)
 H - a +0 pair of gloves (worn)
Jewellery
 r - a ring of protection from cold (right hand)
 F - a ring of wizardry (left hand)
 K - an amulet of regeneration (around neck)
Wands
 d - a wand of polymorph (27)
 x - a wand of random effects (18)
Scrolls
 g - a scroll of enchant weapon
 h - 3 scrolls of remove curse
 j - 3 scrolls of fear
 l - 3 scrolls of identify
 m - 3 scrolls of amnesia
 n - 2 scrolls of magic mapping
 p - 3 scrolls of enchant armour
 s - 6 scrolls of immolation
 E - a scroll of fog
Potions
 a - 2 potions of flight
 i - 3 potions of cancellation
 k - 2 potions of brilliance
 u - 2 potions of curing
Books
 q - a book of Necromancy

   Spells                             Type                      Level
   a - Pain                           Necromancy                   1
   b - Animate Skeleton               Necromancy                   1
   c - Vampiric Draining              Necromancy                   3
   d - Regeneration                   Charms/Necromancy            3
   e - Animate Dead                   Necromancy                   4
   f - Borgnjor's Vile Clutch         Necromancy/Earth             5
 J - a book of Battle

   Spells                             Type                      Level
   a - Infusion                       Charms                       1
   b - Shroud of Golubria             Charms/Translocation         2
   c - Song of Slaying                Charms                       2
   d - Spectral Weapon                Hexes/Charms                 3
   e - Regeneration                   Charms/Necromancy            3
Comestibles
 f - 32 rations
 G - 6 chunks of flesh


   Skills:
 + Level 11.1 Fighting
 * Level 13.5 Axes
 + Level 11.1 Armour
 + Level 12.0 Shields


You had 11 spell levels left.
You knew the following spells:

 Your Spells              Type           Power        Failure   Level  Hunger
a - Animate Skeleton      Necr           N/A          24%         1    ##.....


Dungeon Overview and Level Annotations

Branches:
Dungeon (10/15)            Temple (1/1) D:6            Lair (4/6) D:10
 Spider (0/4) Lair:3          Orc (0/2) D:9
  Swamp: Lair:2-4    Shoals: Lair:2-4

Altars:
Ashenzari
Cheibriados
Dithmenos
Elyvilon
Fedhas
Gozag
Hepliaklqana
Kikubaaqudgha
Makhleb
Nemelex Xobeh
Okawaru
Qazlal
Ru
Sif Muna
Trog
Uskayaw
Vehumet
Wu Jian
Xom
Yredelemnul
Zin
The Shining One

Shops:
D:5 =   D:6 (

Annotations:
Lair:3 exclusion: 3 oklob plants


Innate Abilities, Weirdness & Mutations

You cannot be hasted, slowed, berserked, paralysed or teleported.
You can dig through walls and to a lower floor.
Your four strong arms can wield two-handed weapons with a shield.
You have a pair of large antennae on your head. (SInv)


Message History

The death yak gores you!
* * * LOW HITPOINT WARNING * * *
You hit the death yak.
The death yak is severely wounded.
You hit the death yak but do no damage.
The death yak is severely wounded.
You block the death yak's attack.
You hit the death yak.
The death yak is severely wounded.
The death yak gores you but does no damage.
You slash the death yak!
The death yak is almost dead.
The death yak barely misses you.
You slash the death yak!
The death yak is almost dead.
The death yak closely misses you.
You barely miss the death yak.
The death yak is almost dead.
The death yak gores you!!
You die...

..#..(.....##...#......... .
P...........#..##.....####
..............####......## #
#..##+....##.............#
..........####....#≈##..####
.......#..## #....#≈≈≈......
.........†.# ###.##≈≈≈#.....
.......#.#### ##..#...#.....
......)?..#@###.............
.........###Y###.#..........
.........#.#.# ###..........
.......#.....####...........
.....##.....................
.............#...#..........
###..#......##.P#...P.#....
.###...Y..................
#.....Y..##..≈≈≈≈≈≈≈≈.....


You could see a death yak.

Vanquished Creatures
  Fannar (Lair:2)
  3 hydras
  Erica (D:7)
  2 two-headed ogres (D:9)
  5 death yaks (Lair:3)
  Pikel (D:5)
  2 black mambas
  Maurice (D:8)
  A torpor snail (Lair:3)
  An elephant (D:10)
  4 komodo dragons
  2 spiny frogs
  A troll (D:9)
  A hornet (D:10)
  2 dream sheep (D:9)
  7 hippogriffs
  Sigmund (D:4)
  A redback (Lair:3)
  2 wraiths (D:10)
  5 yaks
  Grum (D:8)
  Menkaure (D:6)
  5 water moccasins
  13 orc warriors
  The ghost of Esekla the Ducker, an amateur SpAM of Ashenzari (D:6)
  8 porcupines
  2 phantoms
  2 ice beasts
  3 sky beasts
  2 black bears
  3 slaves
  A necrophage (D:10)
  2 ogres
  21 wolves
  7 centaurs
  3 crocodiles
  3 big kobolds (D:9)
  7 bullfrogs
  3 scorpions
  9 killer bees
  4 wights (D:8)
  An electric eel (Lair:3)
  A howler monkey (D:10)
  5 crimson imps
  3 centaur zombies
  A quasit (D:8)
  A bullfrog zombie (D:5)
  A bullfrog skeleton (D:8)
  A hound (D:4)
  2 jellies
  7 orc priests
  12 orc wizards
  Jessica (D:3)
  7 worker ants
  3 hound skeletons
  A howler monkey skeleton (D:4)
  A gnoll (Bailey)
  12 adders
  2 shadow imps
  An ooze (D:1)
  A worm (D:2)
  2 dart slugs
  10 leopard geckos
  44 orcs
  2 ball pythons
  4 bats
  7 giant cockroaches
  7 goblins
  9 hobgoblins
  13 jackals
  21 kobolds
  4 quokkas
  5 frilled lizards
  A leopard gecko zombie (D:5)
  8 rats
  A fungus (Lair:1)
347 creatures vanquished.

Vanquished Creatures (others)
  A slave (D:6)
  An orc wizard (D:7)
  4 fungi (Lair:3)
  A plant (Lair:3)
  4 toadstools (D:1)
11 creatures vanquished.

Grand Total: 358 creatures vanquished

Notes
Turn   | Place    | Note
-------+----------+-------------------------------------------
     0 | D:1      | Jerry the Formicid Fighter began the quest for the Orb.
     0 | D:1      | Reached XP level 1. HP: 18/18 MP: 1/1
     9 | D:1      | Reached XP level 2. HP: 23/24 MP: 2/2
   117 | D:1      | Reached XP level 3. HP: 28/29 MP: 3/3
   658 | D:2      | Reached skill level 3 in Axes
   658 | D:2      | Reached XP level 4. HP: 37/37 MP: 4/4
  1082 | D:2      | Found a stormy altar of Qazlal.
  1148 | D:2      | Found a bloodstained altar of Trog.
  1172 | D:2      | Found a sparkling altar of Nemelex Xobeh.
  1476 | D:3      | Noticed Jessica
  1482 | D:3      | Killed Jessica
  1482 | D:3      | Reached XP level 5. HP: 42/42 MP: 5/5
  1775 | D:3      | Found an opulent altar of Gozag.
  2811 | D:3      | Reached XP level 6. HP: 46/48 MP: 6/6
  2911 | D:4      | Reached skill level 4 in Axes
  3020 | D:4      | Noticed a phantom
  3147 | D:4      | Reached skill level 5 in Shields
  3270 | D:4      | Found a blossoming altar of Fedhas.
  3280 | D:4      | Reached XP level 7. HP: 52/55 MP: 7/7
  3606 | D:4      | Found a basalt altar of Yredelemnul.
  3825 | D:4      | Found an iron altar of Okawaru.
  3826 | D:4      | Found a radiant altar of Vehumet.
  3854 | D:4      | Reached skill level 5 in Axes
  3871 | D:4      | Noticed Sigmund
  3880 | D:4      | Killed Sigmund
  3880 | D:4      | Reached skill level 5 in Fighting
  3880 | D:4      | Reached skill level 5 in Armour
  3912 | D:4      | Reached XP level 8. HP: 48/62 MP: 8/8
  4395 | D:5      | Entered Level 5 of the Dungeon
  4414 | D:5      | Found Coqeowoh's Jewellery Shop.
  4577 | D:5      | Reached skill level 6 in Axes
  4958 | D:6      | Noticed Esekla's ghost (amateur SpAM)
  5273 | D:6      | Killed Esekla's ghost
  5275 | D:6      | Noticed Pikel
  5472 | D:5      | Killed Pikel
  5472 | D:5      | Reached skill level 7 in Axes
  5472 | D:5      | Reached XP level 9. HP: 46/70 MP: 9/9
  5569 | D:6      | Found Biwocwatz's Antique Weapon Boutique.
  5687 | D:6      | Noticed Menkaure
  5697 | D:6      | Killed Menkaure
  5891 | D:6      | Noticed a two-headed ogre
  6424 | D:6      | Found a deep blue altar of Sif Muna.
  6482 | D:6      | Found a staircase to the Ecumenical Temple.
  6495 | Temple   | Entered the Ecumenical Temple
  6646 | Temple   | Became a worshipper of the Wu Jian Council
  6858 | D:7      | Reached skill level 8 in Axes
  6877 | D:7      | Found an ancient bone altar of Kikubaaqudgha.
  6920 | D:7      | Noticed a hippogriff
  6977 | D:7      | Killed a hippogriff
  7191 | D:7      | Found a sparkling altar of Nemelex Xobeh.
  7232 | D:7      | Reached XP level 10. HP: 48/79 MP: 10/10
  7234 | D:7      | Found a flagged portal.
  7248 | Bailey   | Entered a bailey
  7578 | Bailey   | Reached * piety under Wu Jian
  7870 | Bailey   | Reached skill level 9 in Axes
  8148 | Bailey   | Learned a level 1 spell: Animate Skeleton
  8583 | D:7      | Found a glowing golden altar of the Shining One.
  8864 | D:8      | Reached ** piety under Wu Jian
  8913 | D:8      | Noticed Erica
  9055 | D:7      | Killed Erica
  9338 | D:8      | Noticed Maurice
  9527 | D:8      | Noticed Grum
  9538 | D:8      | Killed Grum
  9538 | D:8      | Reached skill level 10 in Axes
  9545 | D:8      | Reached XP level 11. HP: 67/87 MP: 11/11
 10401 | D:9      | Noticed a two-headed hydra
 10405 | D:9      | Killed a one-headed hydra
 10494 | D:9      | Found a sacrificial altar of Ru.
 10729 | D:9      | Reached skill level 11 in Axes
 10759 | D:9      | Reached *** piety under Wu Jian
 10760 | D:9      | Reached skill level 10 in Shields
 10816 | D:9      | Noticed a two-headed ogre
 10834 | D:9      | Killed a two-headed ogre
 11085 | D:9      | Found a staircase to the Orcish Mines.
 11307 | D:9      | Noticed a two-headed ogre
 11317 | D:9      | Killed a two-headed ogre
 11440 | D:10     | Entered Level 10 of the Dungeon
 11942 | D:10     | Found a staircase to the Lair.
 11942 | D:10     | Noticed an elephant
 11942 | D:10     | Noticed a death yak
 12199 | D:10     | Killed an elephant
 12199 | D:10     | Reached XP level 12. HP: 76/96 MP: 12/12
 12593 | D:5      | Bought an uncursed amulet of regeneration for 420 gold pieces
 12955 | D:8      | Killed Maurice
 13077 | Lair:1   | Entered Level 1 of the Lair of Beasts
 13223 | Lair:1   | Reached skill level 12 in Axes
 13318 | Lair:1   | Reached **** piety under Wu Jian
 13379 | Lair:1   | Reached skill level 10 in Fighting
 13379 | Lair:1   | Reached skill level 10 in Armour
 13997 | Lair:2   | Noticed Fannar
 14247 | Lair:2   | You fall through a shaft for 2 floors!
 14263 | Lair:2   | Noticed a five-headed hydra
 14278 | Lair:2   | Killed a one-headed hydra
 14357 | Lair:2   | Killed Fannar
 14911 | Lair:3   | Noticed a five-headed hydra
 14921 | Lair:2   | Killed a one-headed hydra
 15191 | Lair:3   | Noticed a death yak
 15192 | Lair:3   | Noticed a death yak
 15258 | Lair:3   | Reached XP level 13. HP: 96/104 MP: 13/13
 15353 | Lair:3   | Found a hole to the Spider Nest.
 15444 | Lair:3   | Got a faintly humming ring mail
 15736 | Lair:3   | Reached skill level 13 in Axes
 15992 | Lair:3   | Identified the +10 ring mail "Igedyrghi" {*Corrode rF+ SInv} (You found it on level 3 of the Lair of Beasts)
 16175 | Lair:3   | HP: 4/106 [death yak (21)]
 16185 | Lair:3   | Mangled by a death yak

Skill      XL: |  1  2  3  4  5  6  7  8  9 10 11 12 13 |
---------------+----------------------------------------+-----
Shields        | 4 5 7 9 10 11 12 | 12.0
Axes           | 3 4 5 7 8 10 11 12 13 | 13.5
Armour         | 4 5 6 7 8 9 10 11 | 11.1
Fighting       | 4 5 6 7 8 9 10 11 | 11.1

Action                   |  1- 3 |  4- 6 |  7- 9 | 10-12 | 13-15 || total
-------------------------+-------+-------+-------+-------+-------++-------
Melee: War axe           |    77 |       |       |   513 |   169 ||   759
       Hand axe          |     6 |   195 |   344 |   271 |       ||   816
Throw: Tomahawk          |       |       |       |     6 |       ||     6
Invok: Lunge             |       |       |     7 |    31 |     1 ||    39
       Whirlwind         |       |       |       |     5 |     1 ||     6
       Wall Jump         |       |       |       |     1 |       ||     1
 Abil: Dig               |       |       |       |     2 |     3 ||     5
Evoke: Wand              |       |       |     2 |     9 |       ||    11
  Use: Scroll            |     3 |     4 |     7 |    12 |     1 ||    27
       Potion            |       |       |     3 |     4 |     2 ||     9
 Stab: Confused          |       |       |       |     1 |       ||     1
  Eat: Chunk             |       |     8 |    12 |    24 |     3 ||    47
       Ration            |       |       |       |     1 |       ||     1
Armor: Scale mail        |    37 |    66 |    94 |       |       ||   197
       Chain mail        |       |       |     3 |   238 |    20 ||   261
       Skin              |       |       |       |       |     9 ||     9
       Ring mail         |       |       |       |       |     7 ||     7
Dodge: Dodged            |    25 |    59 |    80 |   171 |    24 ||   359
Block: Shield            |    45 |    93 |   148 |   416 |    52 ||   754
